 Dungeon Sprint DCSS version 0.30-a0-996-ga6910c8ee8 (webtiles) character file.

Game seed: 361105518561300306

1100000 DiggyJ the Grand Master (level 15, -27/117 HPs)
             Began as a Demigod Transmuter on Apr 4, 2023.
             Annihilated by a meat berserker
             ... wielding a +9 battleaxe
              (71 damage)
             ... in the Dungeon (Sprint VIII: "Arena of Blood").
             The game lasted 00:00:42 (11 turns).

DiggyJ the Grand Master (Demigod Transmuter)          Turns: 11, Time: 00:00:42

Health: -27/117    AC:  2    Str: 11    XL:     15   Next: 7%
Magic:  7/42       EV: 20    Int: 35    God:
Gold:   0          SH:  0    Dex: 14    Spells: 47/48 levels left

rFire   . . .      SeeInvis .    i - +∞ Axe of Woe
rCold   . . .      Faith    .    (shield currently unavailable)
rNeg    . . .      Spirit   .    a - +0 robe
rPois   .          Reflect  .    (no helmet)
rElec   .          Rampage  .    (no cloak)
rCorr   .          NoTele   +    (no gloves)
Will    +....                    (no boots)
Stlth   +                        (no amulet)
HPRegen 0.39/turn                (no ring)
MPRegen 0.28/turn                (no ring)

@: no status effects
A: high MP 1, forlorn, divine attributes
a: no special abilities


You were in the Dungeon.
You visited 1 branch

Inventory:

Hand Weapons
 i - the +∞ Axe of Woe (weapon)
   (You found it in the Dungeon)
Armour
 a - a +0 robe (worn)
Scrolls
 h - a scroll of blinking
Potions
 b - a potion of lignification
 c - a potion of curing
 d - a potion of heal wounds
 e - a potion of haste
 f - 2 potions of magic
 g - a potion of berserk rage


   Skills:
 + Level 6.8 Fighting
 + Level 14.2 Axes
 + Level 16.9 Dodging
 O Level 27 Unarmed Combat
 + Level 17.4 Spellcasting
 + Level 16.2 Transmutations


You had 47 spell levels left.
You knew the following spells:

 Your Spells              Type           Power      Damage    Failure   Level
a - Beastly Appendage     Tmut           100%       N/A       0%          1

Your spell library contained the following spells:

 Spells                   Type           Power      Damage    Failure   Level
 Wereblood                Tmut           97%        N/A       0%          2
 Spider Form              Tmut/Pois      72%        N/A       1%          3
 Ice Form                 Ice/Tmut       72%        N/A       1%          4


Dungeon Overview and Level Annotations

Branches:
Dungeon (1/1)


Innate Abilities, Weirdness & Mutations

You have an increased reservoir of magic. (+10% MP)
You shall have no god before yourself.
Your divine heritage dramatically boosts your attributes as you level up.


Message History

A bag of meat comes into view. It is wielding a +9 war axe.
You hear a shout!
The bag of meat moves out of view.
The bag of meat shouts!
You hear a shout!
Your Fighting skill increases to level 5!
Your Axes skill gained 2 levels and is now at level 9!
Your Dodging skill increases to level 15!
You have mastered Unarmed Combat!
Your Spellcasting skill increases to level 16!
Your Transmutations skill increases to level 14!
You slash the meat berserker!
You fatally mangle the meat berserker.
You kill the meat berserker!
You hit the bag of meat.
You fatally mangle the bag of meat.
You kill the bag of meat!
The meat berserker appears out of thin air!
A meat berserker comes into view. It is wielding a +9 battleaxe.
The meat berserker shouts!
You hear a shout! x9
A meat berserker comes into view. It is wielding a +9 battleaxe.
The meat berserker rages.
You hear a shout!
Your Fighting skill increases to level 6!
Your Axes skill gained 5 levels and is now at level 14!
Your Dodging skill increases to level 16!
Your Spellcasting skill increases to level 17!
Your Transmutations skill gained 2 levels and is now at level 16!
You have reached level 15!
Your experience leads to a dramatic increase in your attributes!
Increase (S)trength, (I)ntelligence, or (D)exterity?
You feel clever. x4
The bag of meat shouts!
You hit the meat berserker.
You cleave the meat berserker in twain.
You kill the meat berserker!
You slash the bag of meat!
You slaughter the bag of meat joyfully.
You kill the bag of meat!
You hear a shout! x9
A bag of meat comes into view. It is wielding a +9 war axe.
The meat berserker rages.
The meat berserker hits you with a +9 battleaxe!!!
Ouch! That really hurt!
You die...

...........o
..........o
...O....oo.
..........
#.o.....# ..
#.......#
...###.oO....###.
......O@###......
#.....o.)_.......
......#.....#...
......#_.<._#
..... #.....#
#........_.....
........###......
...###... ..###.
#... ..#


You could see 3 meat berserkers and 7 bags of meat.

Vanquished Creatures
  3 ogres (D)
  10 orcs (D)
13 creatures vanquished.

Notes
Turn   | Place    | Note
-------+----------+-------------------------------------------
     0 | D        | Found the +∞ Axe of Woe
     0 | D        | DiggyJ the Demigod Transmuter began the quest for the Orb.
     0 | D        | Reached XP level 1. HP: 15/15 MP: 5/5
     1 | D        | Noticed a bag of meat
     2 | D        | Noticed a meat berserker
     4 | D        | Noticed a bag of meat
     4 | D        | Noticed a bag of meat
     4 | D        | Noticed a bag of meat
     4 | D        | Noticed a bag of meat
     4 | D        | Noticed a bag of meat
     5 | D        | Killed a meat berserker
     5 | D        | Noticed a bag of meat
     6 | D        | Reached skill level 10 in Dodging
     6 | D        | Reached skill level 20 in Unarmed Combat
     6 | D        | Reached skill level 10 in Transmutations
     6 | D        | Reached XP level 2. HP: 25/25 MP: 5/17
     6 | D        | Reached XP level 3. HP: 30/30 MP: 5/19
     6 | D        | Reached XP level 4. HP: 37/37 MP: 5/20
     6 | D        | Reached XP level 5. HP: 44/44 MP: 5/22
     6 | D        | Reached XP level 6. HP: 50/50 MP: 5/24
     6 | D        | Reached XP level 7. HP: 56/56 MP: 5/25
     6 | D        | Reached XP level 8. HP: 62/62 MP: 5/27
     6 | D        | Reached XP level 9. HP: 68/68 MP: 5/28
     6 | D        | Reached XP level 10. HP: 75/75 MP: 5/29
     6 | D        | Reached XP level 11. HP: 81/81 MP: 5/30
     6 | D        | Noticed a bag of meat
     6 | D        | Noticed a bag of meat
     6 | D        | Noticed a bag of meat
     6 | D        | Noticed a bag of meat
     7 | D        | Killed a bag of meat
     7 | D        | Killed a bag of meat
     7 | D        | Noticed a meat berserker
     7 | D        | Noticed a meat berserker
     8 | D        | Reached skill level 22 in Unarmed Combat
     8 | D        | Reached XP level 12. HP: 32/91 MP: 5/33
     8 | D        | Killed a bag of meat
     8 | D        | Killed a bag of meat
     8 | D        | Killed a bag of meat
     8 | D        | Killed a bag of meat
     8 | D        | Noticed a meat berserker
     8 | D        | Noticed a bag of meat
     9 | D        | Reached skill level 26 in Unarmed Combat
     9 | D        | Reached skill level 15 in Spellcasting
     9 | D        | Reached XP level 13. HP: 35/96 MP: 6/37
     9 | D        | Reached XP level 14. HP: 38/104 MP: 6/38
    10 | D        | Reached skill level 5 in Fighting
    10 | D        | Reached skill level 15 in Dodging
    10 | D        | Reached skill level 27 in Unarmed Combat
    10 | D        | Killed a meat berserker
    10 | D        | Noticed a meat berserker
    10 | D        | Noticed a meat berserker
    11 | D        | Reached XP level 15. HP: 44/117 MP: 6/42
    11 | D        | Killed a meat berserker
    11 | D        | Annihilated by a meat berserker

Illustrated notes

Levels and vault maps discovered:
D:        meatsprint

Skill      XL: |  1  2  3  4  5  6  7  8  9 10 11 12 13 14 |
---------------+-------------------------------------------+-----
Fighting       | 2 3 4 6 |  6.8
Dodging        | 10 12 14 16 | 16.9
Unarmed Combat | 20 22 26 27 | 27.0
Spellcasting   | 11 12 15 17 | 17.4
Transmutations | 10 12 13 16 | 16.2
Axes           | 2 7 14 | 14.2

Action                     |  1- 3 |  4- 6 |  7- 9 | 10-12 | 13-15 || total
---------------------------+-------+-------+-------+-------+-------++-------
  Melee: Executioner's axe |     1 |       |       |     2 |     3 ||     6

Table legend: (Time is in decaauts)
 A = Elapsed time spent in this place.
 B = Non-inter-level travel time spent in this place.
 C = Inter-level travel time spent in this place.
 D = Time resting spent in this place.
 E = Time spent auto-exploring this place.
 F = Levels seen in this place.
 G = Mean time per level.
                   A        B        C        D        E       F      G
               +--------+--------+--------+--------+--------+-----+--------+
         Total |     14 |     14 |      0 |      0 |      0 |   1 |   14.0 |
       Dungeon |     14 |     14 |      0 |      0 |      0 |   1 |   14.0 |
               +--------+--------+--------+--------+--------+-----+--------+

Top non-repeatable levels by time:
       D: 14 daAuts
